 Dungeon Crawl Stone Soup version 0.32-a0-25-g86f1af2 (webtiles) character file.

Game seed: 16709255610963413058

670 Dorkslayer the Ruffian (level 7, -3/43 HPs)
             Began as an Octopode Shapeshifter on Jan 18, 2024.
             Splashed by a jelly's acid (5 damage)
             ... on level 5 of the Dungeon.
             The game lasted 00:07:37 (3149 turns).

Dorkslayer the Ruffian (Octopode Shapeshifter)      Turns: 3149, Time: 00:07:38

Health: -3/43      AC:  1    Str: 16    XL:     7   Next: 58%
Magic:  7/7        EV: 13    Int: 12    God:
Gold:   216        SH:  0    Dex: 11    Spells: 6/6 levels left

rFire   . .          .
                       - Unarmed
rCold   + . .        (no shield)
rNeg    . . .        (helmet currently unavailable)
rPois   .            (no amulet)
rElec   .            g - ring of protection from cold
rCorr   .            (no ring)
SInv    .            (no ring)
Will    .....        (no ring)
Stlth   +++          (no ring)
HPRegen 0.27/turn    (no ring)
MPRegen 0.10/turn    (no ring)
                     (no ring)

%: no passive effects
@: beast-form
A: beast (slay +2), almost no armour, amphibious, 8 rings, camouflage 1,
gelatinous body 1, (nimble swimmer 1), tentacles
a: Begin Untransformation


You were on level 5 of the Dungeon.
You were a hulking beast.
You visited 1 branch of the dungeon, and saw 5 of its levels.
You also visited: Sewer.

You collected 216 gold pieces.

Inventory:

Missiles
 h - 7 javelins (quivered)
 t - 4 boomerangs
Jewellery
 g - a ring of protection from cold (left tentacle)
Talismans
 b - a beast talisman
 c - a flux talisman
Wands
 o - a wand of charming (5)
 v - a wand of light (12)
Scrolls
 f - a scroll of fear
 i - a scroll of fog
 m - a scroll of vulnerability {unknown}
 p - a scroll of amnesia {unknown}
 q - a scroll of butterflies {unknown}
 u - a scroll of revelation {unknown}
Potions
 a - a potion of lignification
 d - 4 potions of resistance
 e - a potion of heal wounds {unknown}
 j - 3 potions of haste
 k - a potion of magic {unknown}
 n - a potion of mutation {unknown}
 r - 4 potions of curing
 s - 3 potions of brilliance


   Skills:
 + Level 1.3 Fighting
 + Level 1.1 Throwing
 + Level 3.0 Dodging
 + Level 3.1 Stealth
 * Level 6.9 Unarmed Combat
 * Level 1.3 Evocations
 + Level 3.9 Shapeshifting


You had 6 spell levels left.
You didn't know any spells.
Your spell library contained the following spells:

 Spells                   Type           Power      Damage    Failure   Level
 Slow                     Hex            0%         N/A       32%         1
 Static Discharge         Conj/Air       0%         3-3/arc   45%         2
 Confusing Touch          Hex            0%         N/A       69%         3
 Sigil of Binding         Hex            0%         N/A       69%         3
 Vampiric Draining        Necr           0%         2d6       69%         3
 Airstrike                Air            0%         2d(0-16)  97%         4
 Summon Lightning Spire   Summ/Air       0%         N/A       97%         4


Dungeon Overview and Level Annotations

Branches:
Dungeon (5/15)              Sewer (visited)
 Temple: D:4-7

Altars:
The Shining One

Shops:
D:4 (


Innate Abilities, Weirdness & Mutations

You are a hulking beast.
Your limbs bulge with bestial killing power. (Slay +2)
You cannot wear most types of armour.
You are amphibious.
You can wear up to eight rings at the same time.
Your skin changes colour to match your surroundings (Stealth+).
Your rubbery body absorbs attacks. (AC +1, EV +1)
((You are camouflaged when in or above water. (Stealth+)))
You have tentacles for arms and can constrict up to eight enemies at once.


Message History

The orc wizard is lightly wounded.
You constrict the orc wizard. The orc wizard barely misses you.
You tentacle-slap the orc wizard. You squeeze the orc wizard!
You kill the orc wizard!
Your Stealth skill increases to level 3!
You bludgeon the orc!
You kill the orc!
The orc priest hits you with a +0 dagger.
* * * LOW HITPOINT WARNING * * *
Items here: )) [ †.
You tentacle-slap the orc priest but do no damage.
Your grab misses the orc priest.
A jelly comes into view.
The orc priest closely misses you.
The jelly quivers.
You tentacle-slap the orc priest but do no damage.
You grab the orc priest.
You constrict the orc priest, but do no damage.
The orc priest calls down the wrath of Beogh upon you.
You struggle to resist.
You tentacle-slap the orc priest.
The orc priest is moderately wounded.
You constrict the orc priest, but do no damage.
The orc priest hits you with a +0 dagger.
* * * LOW HITPOINT WARNING * * *
You tentacle-slap the orc priest but do no damage.
The orc priest is moderately wounded.
You constrict the orc priest. The orc priest closely misses you.
You tentacle-slap the orc priest but do no damage.
The orc priest is heavily wounded.
You constrict the orc priest, but do no damage.
You tentacle-slap the orc priest. You squeeze the orc priest.
You kill the orc priest!
You tentacle-slap the jelly.
Your tentacles burn!
* * * LOW HITPOINT WARNING * * *
You squeeze the jelly.
The jelly is moderately wounded.
The jelly closely misses you.
You bludgeon the jelly!
Your tentacles burn!
You die...

#.. +.. #..
######### ..#
#........ ##..
#.####### ..# #.#
#$# #)# #h# #)#
#J# #.# ## #.# #.#
.#.. #.# #.#
....###.### #.#
..........# #.#
..........######.#
.#...............#
#.####.##.......#


You could see a jelly.

Vanquished Creatures
  Pargi (D:4)
  2 jellies (Sewer)
  4 orc priests
  A hound (D:4)
  Ijyb (D:4)
  An iguana (D:4)
  2 orc wizards (D:5)
  4 gnolls (D:3)
  5 adders
  6 river rats (Sewer)
  5 dart slugs
  2 ribbon worms
  10 orcs
  11 endoplasms
  8 giant cockroaches
  4 goblins
  10 hobgoblins
  7 jackals
  2 quokkas
  10 ball pythons
  3 bats
  3 frilled lizards (Sewer)
  6 kobolds
  7 rats
115 creatures vanquished.

Notes
Turn   | Place    | Note
-------+----------+-------------------------------------------
     0 | D:1      | Dorkslayer the Octopode Shapeshifter began the quest for
                  | the Orb.
     0 | D:1      | Reached XP level 1. HP: 13/13 MP: 1/1
    62 | D:1      | Reached XP level 2. HP: 18/18 MP: 2/2
   267 | D:1      | Reached XP level 3. HP: 23/23 MP: 3/3
   729 | D:2      | Reached skill level 4 in Unarmed Combat
   994 | D:2      | Reached XP level 4. HP: 27/28 MP: 4/4
  1188 | D:3      | Found a glowing golden altar of the Shining One.
  1283 | D:3      | Found a glowing drain.
  1293 | Sewer    | Entered a sewer
  1426 | Sewer    | Reached XP level 5. HP: 31/33 MP: 5/5
  1436 | Sewer    | Reached skill level 1 in Stealth
  1436 | Sewer    | Reached skill level 5 in Unarmed Combat
  1599 | Sewer    | Found a viscous altar of Jiyva.
  1664 | D:3      | Reached XP level 6. HP: 38/38 MP: 6/6
  2229 | D:4      | Noticed Ijyb
  2237 | D:4      | Killed Ijyb
  2405 | D:4      | Reached skill level 6 in Unarmed Combat
  2464 | D:4      | Noticed Pargi
  2474 | D:4      | Killed Pargi
  2475 | D:4      | Reached XP level 7. HP: 34/43 MP: 7/7
  2604 | D:4      | Found Qety's Weapon Shoppe.
  2714 | D:4      | Reached skill level 1 in Evocations
  2889 | D:5      | Entered Level 5 of the Dungeon
  3019 | D:5      | Reached skill level 1 in Throwing
  3148 | D:5      | HP: 2/43 [acid (5)]
  3149 | D:5      | Splashed by a jelly's acid

Illustrated notes

Levels and vault maps discovered:
D:1:      minmay_arrival_radiant_lines, layout_rooms, minmay_hedge_maze
D:2:      layout_loops_cross
D:3:      layout_loops_cross, mainiacjoe_overflow_alcove_2,
          cheibrodos_sewer_entry_drain, st_stairs_4
D:4:      layout_loops_ring, serial_shops, shop, uniq_ijyb, uniq_pargi
D:5:      layout_basic, jmf_multi_god_temple, minmay_temple_entry_purple_smoke,
          gammafunk_ghost_smash, minmay_manual_mandibuliform

Skill      XL: |  1  2  3  4  5  6  7 |
---------------+----------------------+-----
Unarmed Combat | 4 5 6 |  6.9
Stealth        | 1 3 |  3.1
Evocations     | 1 |  1.3
Throwing       | 1 |  1.1
Dodging        | 3 |  3.0
Fighting       | |  1.3
Shapeshifting  | |  3.9

Action                     |  1- 3 |  4- 6 |  7- 9 || total
---------------------------+-------+-------+-------++-------
  Melee: Unarmed           |    61 |    95 |    37 ||   193
         Constrict         |    18 |    22 |    10 ||    50
         Tentacles         |     9 |    20 |    10 ||    39
         Punch             |     1 |     2 |       ||     3
  Throw: Javelin           |       |     7 |     5 ||    12
    Use: Scroll            |     6 |     3 |     2 ||    11
         Potion            |       |     3 |       ||     3
   Stab: Sleeping          |     1 |     3 |     2 ||     6
 Armour: Skin              |    23 |    32 |    16 ||    71
  Dodge: Dodged            |    31 |    64 |    12 ||   107

Table legend: (Time is in decaauts)
 A = Elapsed time spent in this place.
 B = Non-inter-level travel time spent in this place.
 C = Inter-level travel time spent in this place.
 D = Time resting spent in this place.
 E = Time spent auto-exploring this place.
 F = Levels seen in this place.
 G = Mean time per level.
                   A        B        C        D        E       F      G
               +--------+--------+--------+--------+--------+-----+--------+
         Total |   3113 |   3113 |      0 |      0 |   1844 |   6 |  518.8 |
       Dungeon |   2785 |   2785 |      0 |      0 |   1659 |   5 |  557.0 |
         Sewer |    328 |    328 |      0 |      0 |    185 |   1 |  328.0 |
               +--------+--------+--------+--------+--------+-----+--------+

Top non-repeatable levels by time:
     D:4: 725 daAuts
     D:2: 701 daAuts
     D:3: 666 daAuts
     D:1: 436 daAuts
   Sewer: 328 daAuts
     D:5: 256 daAuts
